 Dungeon Crawl Stone Soup version 0.18-a0-750-g37044d6 (webtiles) character file.

116 JokEr the Skirmisher (level 5, 34/34 HPs)
             Began as a Gargoyle Fighter on Dec 10, 2015.
             Quit the game on level 3 of the Dungeon on Dec 11, 2015.
             The game lasted 00:04:26 (2590 turns).

JokEr the Skirmisher (Gargoyle Fighter)             Turns: 2590, Time: 00:04:26

Health: 34/34      AC: 15    Str: 20    XL:     5   Next: 0%
Magic:  5/5        EV:  3    Int:  9    God:
Gold:   118        SH:  9    Dex:  9    Spells: 0 memorised, 4 levels left

rFire  . . .     SeeInvis .     a - +0 flail
rCold  . . .     Clarity  .     o - +0 plate armour
rNeg   + . .     SustAt   .     c - +0 shield
rPois  ∞         Gourm    .     (no helmet)
rElec  +         Spirit   .     (no cloak)
rCorr  .         Dismiss  .     (no gloves)
rMut   .         Stasis   .     (no boots)
MR     .....                    (no amulet)
Stlth  ..........               (no ring)
                                (no ring)

@: not resistant to hostile enchantments, extremely unstealthy
A: negative energy resistance 1, electricity resistance, unbreathing,
petrification resistance, rot immunity, AC +4
a: no special abilities


You were on level 3 of the Dungeon.
You were not hungry.

You visited 1 branch of the dungeon, and saw 3 of its levels.

You collected 118 gold pieces.

Inventory:

Hand Weapons
 a - a +0 flail (weapon)
Armour
 c - a +0 shield (worn)
 o - a +0 plate armour (worn)
Jewellery
 f - an uncursed ring of protection from magic
Wands
 k - a wand of paralysis (24)
 m - a wand of teleportation (2)
Scrolls
 b - a scroll of enchant weapon {unknown}
 h - a scroll of magic mapping
 i - a scroll of random uselessness
 j - a scroll of teleportation
Potions
 d - a potion of might
 e - 2 potions of resistance {unknown}
Comestibles
 g - 2 meat rations


   Skills:
 + Level 4.8 Fighting
 + Level 3.7 Maces & Flails
 - Level 3.2 Armour
 - Level 3.2 Shields


You had 4 spell levels left.
You didn't know any spells.

Dungeon Overview and Level Annotations

Branches:
Dungeon (3/15)

Altars:
Cheibriados
Dithmenos
Qazlal


Innate Abilities, Weirdness & Mutations

You are resistant to torment.
Your stone body is resilient (AC +4).
You are immune to poison.
You resist negative energy.
You are resistant to electric shocks.
You can survive without breathing.
You are immune to petrification.
You are immune to rotting.


Message History

Welcome back, JokEr the Gargoyle Fighter.
Press ? for a list of commands and other information.
b - a scroll labeled JOLODU JUNEUS
Found a snail-covered altar of Cheibriados.
Found a stormy altar of Qazlal.
You see here a +0 scale mail.
You now have 118 gold pieces (gained 9).
There is a stone staircase leading up here.
A giant newt comes into view.
The giant newt bites you but does no damage.
You sock the giant newt!
You kill the giant newt!
No target in view!
Welcome back, JokEr the Gargoyle Fighter.
Press ? for a list of commands and other information.
Welcome back, JokEr the Gargoyle Fighter.
Press ? for a list of commands and other information.
Welcome back, JokEr the Gargoyle Fighter.
Press ? for a list of commands and other information.
Are you sure you want to abandon this character and quit the game? (Confirm with "yes".)

#.##.....#.## #.#.###......####
#.#.......#.####.#.##....†.....#
#.........##.......##...........
###.......#.####.####..........#
##.....#.## #..# ##.........#
######...#.## #.## ##.#......#
.....>....## #.# #.#.......
#######.#.# #.# #.##.##.##
........#.######@# #.##.##.#
#####........#.†.#######.##.##.#
#...#.##.#...........##.##.#
#...#........##########.##.#
#...####.###.# #....†##.#
#####....###.# #.# #.######.#
..........##.###.# #.# #.##
.###.......>.....# #.# #...
.............##### #.# ####


There were no monsters in sight!

Vanquished Creatures
  3 adders
  A shadow imp (D:3)
  3 oozes (D:2)
  3 worms (D:2)
  A giant gecko (D:1)
  An orc (D:3)
  8 bats
  4 giant cockroaches
  6 hobgoblins
  10 kobolds
  A quokka (D:3)
  5 giant newts
  6 goblins
  7 rats
59 creatures vanquished.

Notes
Turn   | Place    | Note
--------------------------------------------------------------
     0 | D:1      | JokEr the Gargoyle Fighter began the quest for the Orb.
     0 | D:1      | Reached XP level 1. HP: 14/14 MP: 1/1
   183 | D:1      | Reached XP level 2. HP: 19/19 MP: 2/2
   934 | D:2      | Reached skill level 4 in Fighting
   934 | D:2      | Reached XP level 3. HP: 24/24 MP: 3/3
  1237 | D:2      | Reached XP level 4. HP: 28/30 MP: 4/4
  1763 | D:2      | Found a shadowy altar of Dithmenos.
  2409 | D:3      | Reached XP level 5. HP: 34/34 MP: 5/5
  2433 | D:3      | Found a snail-covered altar of Cheibriados.
  2434 | D:3      | Found a stormy altar of Qazlal.
  2590 | D:3      | Upgraded the game from 0.18-a0-739-gdae9da8 to 0.18-a0-750-g37044d6
  2590 | D:3      | Quit the game

Vault maps used:
D:1:      dpeg_arrival_court, grunt_decor_mini_mirrors, st_stairs_13,
          serial_park_tiny_1, serial_park_tiny_pond
D:2:      lemuel_coloured_pillars_altar
D:3:      minitemple

Action                   |  1- 3 |  4- 6 || total
-------------------------+-------+-------++-------
Melee: Flail             |   110 |   115 ||   225
  Use: Scroll            |     3 |     3 ||     6
  Eat: Bread ration      |     1 |     1 ||     2
